 Dungeon Crawl Stone Soup version 0.18-a0-1126-ga2d7f46 (webtiles) character file.

112 M4edhros the Sneak (level 4, 0/28 HPs)
             Began as an Octopode Artificer on Jan 20, 2016.
             Succumbed to a scorpion's poison
             ... on level 4 of the Dungeon.
             The game lasted 00:03:04 (2058 turns).

M4edhros the Sneak (Octopode Artificer)             Turns: 2058, Time: 00:03:05

Health: 0/28       AC:  1    Str: 10    XL:     4   Next: 93%
Magic:  6/6        EV: 13    Int: 15    God:    Xom [.*....]
Gold:   81         SH:  0    Dex: 12    Spells: 0 memorised, 3 levels left

rFire  . . .     SeeInvis .     a - +0 short sword
rCold  . . .     Gourm    .     (no shield)
rNeg   . . .     Faith    .     (helmet restricted)
rPois  .         Spirit   .     (no amulet)
rElec  .         Dismiss  .     (no ring)
rCorr  .         Reflect  .     (no ring)
SustAt .         Harm     .     (no ring)
MR     .....                    (no ring)
Stlth  ++++......               (no ring)
                                (no ring)
                                (no ring)
                                (no ring)

@: lethally poisoned (0 -> -7), flying, not resistant to hostile enchantments,
stealthy
A: almost no armour, amphibious, 8 rings, constrict 8, camouflage 1, gelatinous
body 1
a: Renounce Religion


You were on level 4 of the Dungeon.
You worshipped Xom.
You were a plaything of Xom.
You were not hungry.

You visited 2 branches of the dungeon, and saw 5 of its levels.

You collected 81 gold pieces.

Inventory:

Hand Weapons
 a - a +0 short sword (weapon)
Missiles
 k - 87 stones (quivered)
 l - 6 javelins
 m - 7 curare-tipped needles
 p - 9 sling bullets
Wands
 b - a wand of flame (14/48)
 c - a wand of enslavement (12/24)
 d - a wand of random effects (12/48)
 s - a wand of frost (17/48)
Scrolls
 h - a scroll of teleportation {unknown}
 i - a scroll of enchant weapon {unknown}
 j - a scroll of amnesia {unknown}
 q - a scroll of enchant armour {unknown}
 r - a scroll of immolation {unknown}
 t - a scroll of identify {unknown}
Potions
 e - a potion of flight
 g - 2 potions of brilliance {unknown}
 n - a potion of curing {unknown}
Comestibles
 f - 2 bread rations
 o - a meat ration


   Skills:
 - Level 1.0 Fighting
 - Level 1.0 Short Blades
 * Level 3.4 Dodging
 * Level 4.4 Stealth
 + Level 3.8 Evocations


You had 3 spell levels left.
You didn't know any spells.

Dungeon Overview and Level Annotations

Branches:
Dungeon (4/15)             Temple (1/1) D:4

Altars:
Ashenzari
Cheibriados
Elyvilon
Gozag
Kikubaaqudgha
Makhleb
Nemelex Xobeh
Okawaru
Pakellas
Qazlal
Trog
Xom
Zin


Innate Abilities, Weirdness & Mutations

You cannot wear most types of armour.
You are amphibious.
You can wear up to eight rings at the same time.
You can use your tentacles to constrict eight enemies at once.
Your skin changes colour to match your surroundings (Stealth).
Your rubbery body absorbs attacks (AC +1).


Message History

The scorpion poisons you!
You hit the scorpion but do no damage. Your grab misses the scorpion.
You squeeze the scorpion.
The scorpion is moderately wounded.
You feel sick. The scorpion stings you.
You hit the scorpion. You grab the scorpion.
The scorpion is moderately wounded.
You constrict the scorpion, but do no damage.
You feel sick. The scorpion stings you!
* * * LOW HITPOINT WARNING * * *
The scorpion closely misses you.
You are too injured to fight recklessly!
Drink which item? (? for menu, Esc to quit)
It was a potion of flight.
You feel very buoyant.
You fly up into the air.
Xom is highly amused!
You constrict the scorpion.
You die...
Xom laughs nastily!

..# #.# ..#
#####.# (.#
#.....# ..# #
#.##### #.#
#.########.# ..#
.#........# ..#
.........# ..#
#######........#
..#
#...!..@.......#
..#
#.#####.s..$..##
..########.#
#.......#
...........###
#.......#
###..........#
####.####
#.########.# #.#
#.# #.# #.# #.#
#.######.# #.#
#........#


You could see a scorpion.

Vanquished Creatures
  An orc wizard (D:4)
  Terence (D:2)
  A hound zombie (D:4)
  4 giant geckos
  4 orcs
  A giant cockroach (D:2)
  5 goblins
  3 hobgoblins (D:1)
  2 jackals (D:1)
  2 bats
  2 giant gecko skeletons (D:4)
  A giant newt (D:4)
  4 kobolds
  4 rats
35 creatures vanquished.

Vanquished Creatures (collateral kills)
  A giant gecko (D:4)
  A goblin (D:2)
  A quokka skeleton (D:4)
3 creatures vanquished.

Vanquished Creatures (others)
  An adder (D:2)
  A hobgoblin (D:2)
2 creatures vanquished.

Grand Total: 40 creatures vanquished

Notes
Turn   | Place    | Note
--------------------------------------------------------------
     0 | D:1      | M4edhros the Octopode Artificer began the quest for the Orb.
     0 | D:1      | Reached XP level 1. HP: 13/13 MP: 3/3
    30 | D:2      | Noticed Terence
    65 | D:2      | Found a shattered altar of Ashenzari.
    66 | D:2      | Found an iron altar of Okawaru.
   396 | D:1      | Reached XP level 2. HP: 18/18 MP: 4/4
   408 | D:1      | Found a shattered altar of Ashenzari.
   573 | D:2      | Killed Terence
   573 | D:2      | Reached XP level 3. HP: 19/23 MP: 5/5
   911 | D:4      | Reached skill level 4 in Stealth
   911 | D:4      | Reached XP level 4. HP: 25/28 MP: 6/6
  1381 | D:4      | Found a staircase to the Ecumenical Temple.
  1387 | Temple   | Entered the Ecumenical Temple
  1637 | Temple   | Became a worshipper of Xom of Malicious Giggling
  1704 | D:3      | XOM: harmless Necr miscast
  1714 | D:4      | XOM: harmless Air miscast
  1879 | D:4      | XOM: mild Chrm miscast
  1890 | D:4      | XOM is BORED!
  1890 | D:4      | XOM: mild Pois miscast
  1959 | D:4      | XOM: mild Necr miscast
  2049 | D:4      | XOM: god gift: 26 stones
  2057 | D:4      | HP: 1/28 [scorpion (10)]
  2058 | D:4      | Succumbed to a scorpion's poison

Vault maps used:
D:1:      lightli_arrival_boilingwater, hangedman_decor_clover_reticule,
          grunt_decor_one_mirror, ashenzari_altar_1
D:2:      lemuel_round_altar, nicolae_overflow_crystal_walls,
          nicolae_overflow_hidden_temple, uniq_terence
D:3:      overflow_temple_1_default, old_standard_altar, first_bread
D:4:      minmay_temple_entry_nine_rooms, minivault_19
Temple:   triangle_lava_temple_11

Action                   |  1- 3 |  4- 6 || total
-------------------------+-------+-------++-------
Melee: Short sword       |    55 |    22 ||    77
Evoke: Wand              |     5 |     2 ||     7
  Use: Potion            |       |     1 ||     1
 Stab: Sleeping          |     3 |     4 ||     7
  Eat: Meat ration       |       |     1 ||     1
